 Dungeon Crawl Stone Soup version 0.28.0-47-ge53b351184 (webtiles) character file.

Game seed: 16737223574268125752

4492 101zpm the Thaumaturge (level 10, -3/54 HPs)
             Began as a Djinni Fire Elementalist on May 9, 2022.
             Was a Follower of Hepliaklqana.
             Slain by a water moccasin (5 damage)
             ... on level 8 of the Dungeon.
             The game lasted 00:24:20 (11870 turns).

101zpm the Thaumaturge (Djinni Fire Elementalist)  Turns: 11870, Time: 00:24:21

Health: -3/54      AC:  5    Str: 16    XL:     10   Next: 65%
Gold:   446        EV: 12    Int: 21    God:    Hepliaklqana [*.....] SH:  0 Dex: 14

rFire   + + .      SeeInvis +   (no weapon)
rCold   x . .      Faith    .   (no shield)
rNeg    . . .      Spirit   .   i - +1 leather armour of the King of the Hill {-Tele Rampage Str+9 Slay-2}
rPois   ∞          Reflect  .   (no helmet)
rElec   .          Harm     .   x - +0 cloak of the Lute {+Inv SInv Stlth+}
rCorr   .          Rampage  +   (no gloves)
Will    +....      NoTele   +   (boots unavailable)
Stlth   +++.......              (no amulet)
HPRegen 0.18/turn               (no ring)
MPRegen 0.00/turn               (no ring)

@: flying
A: reduced essence, sickness immunity, fire resistance 2, cold vulnerability 1,
float, innate caster, HP casting, extra vitality 1
a: Renounce Religion, Evoke Invisibility, Recall Ancestor, Ancestor Identity


You were on level 8 of the Dungeon.
You worshipped Hepliaklqana.
Hepliaklqana was aware of your devotion.
You visited 2 branches of the dungeon, and saw 9 of its levels.

You collected 446 gold pieces.

Inventory:

Armour
 a - a +0 robe
 i - the +1 leather armour of the King of the Hill (worn) {-Tele Rampage Str+9 Slay-2}
   (You found it on level 5 of the Dungeon)

   Str:       It affects your strength (+9).
   Slay:      It affects your accuracy & damage with ranged weapons and melee
   (-2).
   -Tele:     It prevents most forms of teleportation.
   Rampage:   It bestows one free step when moving towards enemies.
 r - a +0 pair of gloves
 x - the +0 cloak of the Lute (worn) {+Inv SInv Stlth+}
   (You found it on level 3 of the Dungeon)

   SInv:      It lets you see invisible.
   +Inv:      It lets you turn invisible.
   Stlth:     It makes you more stealthy.
Wands
 A - a wand of digging (4)
 B - a wand of polymorph (9)
Scrolls
 b - 3 scrolls of identify
 d - 2 scrolls of fear
 f - a scroll of teleportation
 j - a scroll of holy word
 k - 2 scrolls of immolation
 n - 2 scrolls of amnesia
 s - 2 scrolls of enchant weapon
 u - a scroll of enchant armour
 v - a scroll of noise {unknown}
 y - a scroll of silence {unknown}
 C - a scroll of magic mapping {unknown}
Potions
 c - a potion of heal wounds {unknown}
 e - 3 potions of brilliance {unknown}
 g - 2 potions of curing {unknown}
 h - a potion of resistance {unknown}
 l - a potion of cancellation {unknown}
 m - a potion of attraction {unknown}
 o - a potion of berserk rage {unknown}
 p - 2 potions of might {unknown}
 q - 4 potions of mutation {unknown}
 t - a potion of flight {unknown}
 w - 2 potions of haste {unknown}
 z - a potion of lignification {unknown}


   Skills:
 + Level 0.2 Fighting
 + Level 3.7 Armour
 + Level 3.0 Dodging
 + Level 3.1 Stealth
 + Level 0.1 Unarmed Combat
 + Level 11.0 Spellcasting


You had 9 spell levels left.
You knew the following spells:

 Your Spells              Type           Power      Damage    Failure   Level
a - Foxfire               Conj/Fire      100%       2x1d9     1%          1
b - Scorch                Fire           100%       2d10      1%          2
c - Conjure Flame         Conj/Fire      55%        6-21      1%          3
d - Inner Flame           Hex/Fire       55%        N/A       1%          3
e - Flame Wave            Conj/Fire      55%        2d11      1%          4
f - Summon Small Mammal   Summ           100%       N/A       1%          1
g - Blink                 Tloc           100%       N/A       1%          2
h - Tukima's Dance        Hex            55%        N/A       1%          3
i - Call Canine Familiar  Summ           55%        N/A       1%          3
Your spell library was empty.

Dungeon Overview and Level Annotations

Branches:
Dungeon (8/15)             Temple (1/1) D:7
   Lair: D:8-11

Altars:
Ashenzari
Cheibriados
Dithmenos
Elyvilon
Fedhas
Gozag
Hepliaklqana
Makhleb
Nemelex Xobeh
Okawaru
Qazlal
Ru
Sif Muna
Trog
Uskayaw
Vehumet
Wu Jian
Xom
Yredelemnul
Zin
The Shining One


Innate Abilities, Weirdness & Mutations

Your life essence is reduced to manifest your ancestor. (-10% HP)
You are immune to sickness and miasma.
You are immune to poison.
Your flesh is very heat resistant. (rF++)
You are vulnerable to cold. (rC-)
You float through the air rather than walking.
You learn spells naturally, not from books.
Your magical power is your life essence.
You have superior vitality. (+4 MHP)


Message History

The jelly explodes!
You feel a bit more experienced.
The fiery explosion engulfs your quokka!!!
You kill your quokka!
Your quokka's corpse disappears in a puff of smoke!
Titus avoids your attack.
Your Spellcasting skill increases to level 11!
A water moccasin comes into view.
Casting: Inner Flame (safe; 1% risk of failure)
Confirm with . or Enter, or press ? or * to list all spells.
Aiming: Inner Flame (safe; 1% risk of failure)
Press: ? - help, Dir - move target, f - water moccasin
Aim: a water moccasin (chance to affect: 94%)
The water moccasin is filled with an inner flame.
* * * LOW HITPOINT WARNING * * *
Titus closely misses the water moccasin.
The water moccasin bites Titus but does no damage.
Casting: Inner Flame (safe; 1% risk of failure)
Confirm with . or Enter, or press ? or * to list all spells.
You don't have enough health to cast this spell.
Titus closely misses the water moccasin.
The water moccasin bites Titus.
The water moccasin bites Titus.
Titus barely misses the water moccasin.
Titus completely misses the water moccasin.
The water moccasin is engulfed in blazing flames.
Flame seeps out of the water moccasin.
Casting: Foxfire (safe; 1% risk of failure)
Press: ? - help, Q - select action, (/) - cycle Dir - look around, f - activate You conjure some foxfire!
* * * LOW HITPOINT WARNING * * *
The foxfire hits the water moccasin.
Flame seeps out of the water moccasin.
The water moccasin is heavily wounded.
The foxfire hits the water moccasin.
Flame seeps out of the water moccasin.
The water moccasin is heavily wounded.
The water moccasin is engulfed in blazing flames.
Flame seeps out of the water moccasin.
The water moccasin barely misses you.
The water moccasin bites you but does no damage.
The water moccasin bites you.
You die...

#..# #.....'....# ## #..#
#....##...##### ... ##..#
#....##...##..# ##..
#...######[..#.......).
.....#...##..##...#...>.....
#..))............##...##..#
##..#.......R....##...#####
#.. ###.######S...#........
#.. #.# #.@..#........ ##
...........##..###########
............##..###..##....
........##...##...#....#....
######...
#...##...'....+....
#...##...#....#...##.... ..
....#....#...##....
....#....#.........
##..###..##....


You could see the friendly Titus the ancestor and a water moccasin (inner flame,
ally target).

Vanquished Creatures
  A two-headed ogre (D:8)
  7 yaks
  A water moccasin (D:8)
  2 ice beasts
  2 black bears (D:5)
  2 orc warriors (D:7)
  A necrophage (D:6)
  A phantom (D:5)
  2 kobold brigands (D:8)
  3 bullfrogs
  3 scorpions (D:5)
  A water moccasin zombie (D:5)
  A wyvern skeleton (D:6)
  4 howler monkeys
  4 wights
  6 jellies
  An orc priest (D:5)
  3 hounds
  A centaur skeleton (D:7)
  Jessica (D:3)
  4 iguanas
  2 orc wizards
  7 gnolls
  11 adders
  A shadow imp (D:7)
  4 white imps
  An adder skeleton (D:3)
  2 dart slugs (D:4)
  22 orcs
  5 ball pythons
  4 bats
  14 endoplasms
  A giant cockroach (D:3)
  5 goblins
  9 hobgoblins
  3 jackals (D:5)
  4 quokkas
  4 frilled lizards
  16 kobolds
  17 rats
183 creatures vanquished.

Vanquished Creatures (collateral kills)
  A hornet (D:8)
  A hornet zombie (D:8)
  A gnoll sergeant (D:8)
  A gnoll (D:8)
  2 kobolds
  2 rats (D:1)
8 creatures vanquished.

Vanquished Creatures (others)
  484 foxfires
  3 fungi
  14 toadstools (D:3)
501 creatures vanquished.

Grand Total: 692 creatures vanquished

Notes
Turn   | Place    | Note
-------+----------+-------------------------------------------
     0 | D:1      | 101zpm the Djinni Fire Elementalist began the quest for the
                  | Orb.
     0 | D:1      | Reached XP level 1. HP: 15/15 MP: 0/0
   311 | D:4      | Reached XP level 2. HP: 16/21 MP: 0/0
   405 | D:4      | Reached skill level 3 in Spellcasting
   405 | D:4      | Reached XP level 3. HP: 22/25 MP: 0/0
   405 | D:4      | Learned a level 1 spell: Summon Small Mammal
   849 | D:4      | Reached XP level 4. HP: 19/31 MP: 0/0
  1240 | D:4      | Reached XP level 5. HP: 31/35 MP: 0/0
  1240 | D:4      | Learned a level 2 spell: Blink
  1333 | D:4      | Reached skill level 4 in Spellcasting
  1524 | D:5      | Entered Level 5 of the Dungeon
  1777 | D:6      | Noticed an ice beast
  1844 | D:5      | Identified the +1 leather armour of the King of the Hill
                  | {-Tele Rampage Str+9 Slay-2}
  1861 | D:5      | Reached XP level 6. HP: 32/40 MP: 0/0
  2273 | D:5      | Reached skill level 5 in Spellcasting
  2280 | D:5      | Reached XP level 7. HP: 14/45 MP: 0/0
  2280 | D:5      | Learned a level 3 spell: Tukima's Dance
  2593 | D:6      | Reached skill level 6 in Spellcasting
  2835 | D:5      | Reached XP level 8. HP: 33/50 MP: 0/0
  2841 | D:5      | Reached skill level 1 in Armour
  3659 | D:6      | Reached skill level 7 in Spellcasting
  4591 | D:7      | Noticed a yak
  4592 | D:7      | Noticed a yak
  4595 | D:7      | Noticed a yak
  4596 | D:7      | Noticed a yak
  4597 | D:7      | Killed a yak
  4597 | D:7      | Killed a yak
  4598 | D:7      | Reached XP level 9. HP: 33/55 MP: 0/0
  4598 | D:7      | Learned a level 3 spell: Call Canine Familiar
  4604 | D:7      | Reached skill level 8 in Spellcasting
  5163 | D:7      | Found a staircase to the Ecumenical Temple.
  5567 | D:7      | Reached skill level 9 in Spellcasting
  5769 | Temple   | Entered the Ecumenical Temple
  6457 | Temple   | Became a worshipper of Hepliaklqana the Forgotten
  6840 | D:7      | Reached XP level 10. HP: 41/60 MP: 0/0
  8252 | D:3      | Identified the +0 cloak of the Lute {+Inv SInv Stlth+}
  8304 | D:3      | Noticed Jessica
  8311 | D:3      | Killed Jessica
  9608 | D:2      | Reached * piety under Hepliaklqana
  9997 | D:2      | Found a stormy altar of Qazlal.
 10286 | D:1      | Found a faded altar of an unknown god.
 11076 | D:5      | Reached skill level 10 in Spellcasting
 11840 | D:8      | Noticed a two-headed ogre
 11845 | D:8      | Killed a two-headed ogre
 11857 | D:8      | Reached skill level 11 in Spellcasting
 11870 | D:8      | Slain by a water moccasin

Illustrated notes

Levels and vault maps discovered:
D:1:      nzn_arrival_water_spiral, layout_rooms,
          hellmonk_ecumenical_altar_heavens_door, minmay_rat_gold_closets
D:2:      kb_forest_paths, layout_basic, basic_altar
D:3:      cheibrodos_fertilizer, layout_basic, minmay_box_of_dots, uniq_jessica
D:4:      layout_cave_pools
D:5:      wander_river, layout_basic
D:6:      layout_basic
D:7:      layout_loops_cross, minmay_temple_entry_slanted, minmay_crystal_room
D:8:      layout_gridville, dpeg_oklobed_lair, minmay_between
Temple:   nicolae_temple_the_god_donut

Skill      XL: |  1  2  3  4  5  6  7  8  9 10 |
---------------+-------------------------------+-----
Spellcasting   | 3 4 5 6 7 9 11 | 11.0
Stealth        | 2 3 |  3.1
Armour         | 2 3 |  3.7
Dodging        | 3 |  3.0
Fighting       | |  0.2
Unarmed Combat | |  0.1

Action                   |  1- 3 |  4- 6 |  7- 9 | 10-12 || total
-------------------------+-------+-------+-------+-------++-------
Melee: Unarmed           |       |       |       |     3 ||     3
 Cast: Foxfire           |    37 |    39 |    51 |   175 ||   302
       Summon Small Mamm |    13 |     6 |    11 |    16 ||    46
       Scorch            |     3 |     8 |    32 |    28 ||    71
       Inner Flame       |       |    12 |    47 |    80 ||   139
       Conjure Flame     |       |       |       |     2 ||     2
  Use: Scroll            |       |       |       |     7 ||     7
Armor: Leather armour    |       |       |       |     4 ||     4
Dodge: Dodged            |     2 |     2 |     8 |    12 ||    24
